Kings vs Lightning

Created - 10 février 2018 at 15:55

Goals
1 2 3 T
Kings 3 1 0 4
Lightning 1 1 0 2
Shots
1 2 3 T
Kings 12 20 5 37
Lightning 7 9 12 28

1st period

1. Kings , Marian Hossa 31 (PK Subban 31, Erik Karlsson 27) at 0:12
2. Lightning , Drew Doughty 7 (Tyler Donati 17, Elias Lindholm 12) at 1:02
3. Kings , Vladimir Tarasenko 14 (Brad Richards 20, Dougie Hamilton 26) at 9:20
4. Kings , Zenon Konopka 3 (Stephen Weiss 7, Connor Sheary 13) at 15:15

Penalties :
Ron Hainsey (TBL) for Hooking (Minor) at 10:27, Ron Hainsey (TBL) for Tripping (Minor) at 19:50

2nd period

5. Kings , Henrik Sedin 21 (Marian Hossa 37, Dougie Hamilton 27) at 7:26
6. Lightning , Corey Perry 24 (Greg Amadio 16) at 8:00

Penalties :
Marian Hossa (LAK) for Holding (Minor) at 10:50

3rd period

No Goal

Penalties :
Zenon Konopka (LAK) for Tripping (Minor) at 13:13

Goalie Stats

Jonas Hiller (LAK), 26 saves from 28 shots - (0,929), W, 10-10-0, 60:00 minutes
Devan Dubnyk (TBL), 33 saves from 37 shots - (0,892), L, 21-24-2, 60:00 minutes

Players Stats for Kings

Player Name              G  A  P  +/- PIM S  H  SB GA TA FO     MP     PP MP  PK MP  
------------------------------------------------------------------------------------
Brad Richards            0  1  1   0  0   1  0  0  0  0  14/24  19:13   0:00   1:41 
Chris Stewart            0  0  0   0  0   0  0  0  0  0  0/0     0:00   0:00   0:00 
Connor Sheary            0  1  1   0  0   0  0  0  0  0  3/4    18:31   2:02   0:42 
Dougie Hamilton          0  2  2   2  0   1  1  1  0  0  0/0    20:01   2:12   0:00 
Erik Karlsson            0  1  1   0  0   4  1  0  0  0  0/0    20:54   1:46   1:54 
Gabriel Dumont           0  0  0   0  0   0  0  0  0  0  0/0     0:00   0:00   0:00 
Henrik Sedin             1  0  1   2  0   4  1  0  0  0  18/24  20:58   1:56   1:28 
Jaden Schwartz           0  0  0   0  0   3  3  0  0  0  1/3    21:16   2:02   0:00 
Jay Bouwmeester          0  0  0   0  0   1  2  0  0  0  0/0    18:55   0:00   1:54 
Justin Schultz           0  0  0   0  0   1  0  2  0  0  0/0    19:13   2:12   0:00 
Marian Hossa             1  1  2   2  2   8  3  0  0  0  1/1    20:07   1:56   0:00 
Max Pacioretty           0  0  0   2  0   3  0  0  0  0  0/0    20:06   1:56   0:00 
PK Subban                0  1  1   0  0   0  1  1  0  0  0/0    21:04   1:46   2:04 
Shawn Thornton           0  0  0   0  0   0  0  0  0  0  0/0     0:32   0:00   0:32 
Stephen Weiss            0  1  1   0  0   5  0  1  0  0  13/24  17:54   0:00   2:05 
Tyson Barrie             0  0  0   2  0   0  3  0  0  0  0/0    19:53   0:00   2:04 
Vladimir Tarasenko       1  0  1   0  0   5  3  0  0  0  0/3    20:07   2:02   0:00 
Zenon Konopka            1  0  1   0  2   1  1  1  0  0  0/0    17:16   0:00   1:28 

Players Stats for Lightning

Player Name              G  A  P  +/- PIM S  H  SB GA TA FO     MP     PP MP  PK MP  
------------------------------------------------------------------------------------
Andrew Cogliano          0  0  0   0  0   2  0  0  0  0  5/15    8:52   0:00   0:00 
Blake Comeau             0  0  0  -1  0   1  1  0  0  0  5/6     6:03   0:00   0:00 
Corey Perry              1  0  1  -1  0   4  1  1  0  0  0/1    25:18   3:20   0:00 
Dany Heatley             0  0  0   0  0   3  9  1  0  0  0/1    25:26   1:46   0:00 
David Jones              0  0  0  -1  0   4  0  0  0  0  0/0    15:38   0:00   2:34 
Drew Doughty             1  0  1  -3  0   3  3  3  0  0  0/0    25:43   3:20   2:53 
Elias Lindholm           0  1  1   0  0   2  0  0  0  0  9/25   20:35   1:46   1:11 
Eric Fehr                0  0  0   0  0   0  0  0  0  0  0/0     0:51   0:38   0:13 
Esa Lindell              0  0  0   0  0   0  1  0  0  0  0/0    17:36   0:38   1:05 
Greg Amadio              0  1  1   1  0   0  3  0  0  0  0/0    18:06   0:57   0:28 
Jake Guentzel            0  0  0   0  0   0  0  0  0  0  0/0     0:32   0:19   0:13 
Jared Spurgeon           0  0  0  -3  0   2  0  2  0  0  0/0    24:11   3:01   1:40 
Kyle Turris              0  0  0  -1  0   1  0  0  0  0  14/33  26:12   1:53   2:34 
Ron Hainsey              0  0  0   0  4   1  1  0  0  0  0/0    15:51   0:00   0:00 
Ryan Murray              0  0  0   1  0   0  0  1  0  0  0/0    18:31   0:00   1:50 
Sebastian Aho            0  0  0  -1  0   0  0  0  0  0  0/0    13:04   0:00   0:00 
Thomas Vanek             0  0  0  -1  0   3  0  0  0  0  0/1    16:29   2:12   1:11 
Tyler Donati             0  1  1   0  0   2  0  0  0  0  0/1    17:02   0:00   0:00 

3 Stars

1 - Marian Hossa (LAK)
2 - Dougie Hamilton (LAK)
3 - Henrik Sedin (LAK)

Power Play

Kings - 0 on 2 Attempt(s) - 0,00%
Lightning - 0 on 2 Attempt(s) - 0,00%

Penalty Kill

Kings - 2 on 2 Attempt(s) - 100,00% - Score 0 goal in Penalty Kill
Lightning - 2 on 2 Attempt(s) - 100,00% - Score 0 goal in Penalty Kill

Team Stat

Kings - Hits : 19 - Faceoff Wins : 50 - Blocked Shots : 6 - Penalty Minutes : 4
Lightning - Hits : 19 - Faceoff Wins : 33 - Blocked Shots : 8 - Penalty Minutes : 4

Official

Referees : Jarrod Ragusin and Peter MacDougall
Linesman : Ryan Galloway and Brent Tubbs

Game Notes

No Game Note

Finance

Level 1 -- Attendance: 6000 (100,00%) -- Ticket Income 510 000 $
Level 2 -- Attendance: 4528 (90,56%) -- Ticket Income 303 376 $
Level 3 -- Attendance: 2000 (100,00%) -- Ticket Income 78 000 $
Level 4 -- Attendance: 3560 (89,00%) -- Ticket Income 121 040 $
Luxury Box -- Attendance: 1500 (60,00%) -- Ticket Income 525 000 $
Game was played at the St. Pete Times Forum.
Total Attendance: 17588 (90,19%)
Total Ticket Income: 1 537 416 $
Other Income: 753 334 $
Total Income: 2 290 750 $

Kings

5 vs 5 Forward 
   Center                   Left Wing                Right Wing               Time % Phy DF OF 
 1 Henrik Sedin             Max Pacioretty           Marian Hossa             35     3   2  0  
 2 Brad Richards            Jaden Schwartz           Vladimir Tarasenko       35     3   2  0  
 3 Stephen Weiss            Zenon Konopka            Connor Sheary            30     3   2  0  
 4 Henrik Sedin             Jaden Schwartz           Vladimir Tarasenko       0      1   2  2  

5 vs 5 Defense 
   Defense                  Defense                                           Time % Phy DF OF 
 1 Erik Karlsson            PK Subban                                         35     0   0  5  
 2 Tyson Barrie             Dougie Hamilton                                   35     0   0  5  
 3 Jay Bouwmeester          Justin Schultz                                    30     0   0  5  
 4 Justin Schultz           Jay Bouwmeester                                   0      1   2  2  

PowerPlay Forward 
   Center                   Left Wing                Right Wing               Time % Phy DF OF 
 1 Henrik Sedin             Max Pacioretty           Marian Hossa             55     1   4  0  
 2 Jaden Schwartz           Connor Sheary            Vladimir Tarasenko       45     5   0  0  

PowerPlay Defense
   Defense                  Defense                                           Time % Phy DF OF 
 1 PK Subban                Erik Karlsson                                     50     1   4  0  
 2 Dougie Hamilton          Justin Schultz                                    50     4   1  0  

Penalty Kill 4 Players Forward 
   Center                   Wing                     Time % Phy DF OF 
 1 Stephen Weiss            Zenon Konopka            60     0   0  5  
 2 Henrik Sedin             Brad Richards            40     0   0  5  

Penalty Kill 4 Players Defense
   Defense                  Defense                  Time % Phy DF OF 
 1 Jay Bouwmeester          Erik Karlsson            60     0   0  5  
 2 PK Subban                Tyson Barrie             40     0   0  5  

Penalty Kill - 3 Players Forward 
   Forward                                           Time % Phy DF OF 
 1 Henrik Sedin                                      50     0   5  0  
 2 Stephen Weiss                                     50     0   5  0  

Penalty Kill - 3 Players Defense
   Defense                  Defense                  Time % Phy DF OF 
 1 Jay Bouwmeester          PK Subban                50     0   5  0  
 2 Justin Schultz           Dougie Hamilton          50     0   5  0  

4 vs 4 Forward 
   Center                   Wing                     Time % Phy DF OF 
 1 Henrik Sedin             Marian Hossa             50     0   2  3  
 2 Jaden Schwartz           Max Pacioretty           50     0   2  3  

4 vs 4 Defense
   Defense                  Defense                  Time % Phy DF OF 
 1 Jay Bouwmeester          PK Subban                50     0   3  2  
 2 Justin Schultz           Dougie Hamilton          50     0   3  2  

Last Minutes Offensive
   Center                   Left Wing                Right Wing               Defense                  Defense                  
   Henrik Sedin             Jaden Schwartz           Marian Hossa             PK Subban                Erik Karlsson            

Last Minutes Defensive
   Center                   Left Wing                Right Wing               Defense                  Defense                  
   Henrik Sedin             Jaden Schwartz           Marian Hossa             Jay Bouwmeester          PK Subban                

Goaltenders
Starting : Jonas Hiller             
Backup : Connor Hellebuyck        

Extra Forwards
Normal : Henrik Sedin, Jaden Schwartz, Vladimir Tarasenko - PP : Marian Hossa, Connor Sheary - PK : Henrik Sedin
Extra Defensemen
Normal : Justin Schultz, Dougie Hamilton, Tyson Barrie - PP : Erik Karlsson - PK : PK Subban, Jay Bouwmeester
Penalty Shots
Brad Richards, Marian Hossa, Vladimir Tarasenko, Jay Bouwmeester, Henrik Sedin
Custom OT Lines Forwards
Connor Sheary, Marian Hossa, Henrik Sedin, Max Pacioretty, Jaden Schwartz, Vladimir Tarasenko, Brad Richards, Zenon Konopka, Stephen Weiss, Shawn Thornton
Custom OT Lines Defensemen
Jay Bouwmeester, Justin Schultz, PK Subban, Tyson Barrie, Dougie Hamilton

Scratches
None

Lightning

5 vs 5 Forward 
   Center                   Left Wing                Right Wing               Time % Phy DF OF 
 1 Kyle Turris              Thomas Vanek             Corey Perry              33     0   1  4  
 2 Elias Lindholm           Dany Heatley             Tyler Donati             33     0   2  3  
 3 Andrew Cogliano          Dany Heatley             Corey Perry              22     0   2  3  
 4 Kyle Turris              Sebastian Aho            David Jones              12     0   2  3  

5 vs 5 Defense 
   Defense                  Defense                                           Time % Phy DF OF 
 1 Drew Doughty             Jared Spurgeon                                    35     0   3  2  
 2 Ryan Murray              Greg Amadio                                       30     0   3  2  
 3 Ron Hainsey              Esa Lindell                                       30     0   3  2  
 4 Jared Spurgeon           Drew Doughty                                      5      0   3  2  

PowerPlay Forward 
   Center                   Left Wing                Right Wing               Time % Phy DF OF 
 1 Kyle Turris              Thomas Vanek             Corey Perry              60     0   0  5  
 2 Elias Lindholm           Dany Heatley             Corey Perry              40     0   0  5  

PowerPlay Defense
   Defense                  Defense                                           Time % Phy DF OF 
 1 Drew Doughty             Jared Spurgeon                                    50     0   0  5  
 2 Drew Doughty             Jared Spurgeon                                    50     0   0  5  

Penalty Kill 4 Players Forward 
   Center                   Wing                     Time % Phy DF OF 
 1 Kyle Turris              David Jones              60     0   5  0  
 2 Elias Lindholm           Thomas Vanek             40     0   5  0  

Penalty Kill 4 Players Defense
   Defense                  Defense                  Time % Phy DF OF 
 1 Drew Doughty             Jared Spurgeon           50     0   5  0  
 2 Ron Hainsey              Drew Doughty             50     0   5  0  

Penalty Kill - 3 Players Forward 
   Forward                                           Time % Phy DF OF 
 1 Dany Heatley                                      50     0   5  0  
 2 David Jones                                       50     0   5  0  

Penalty Kill - 3 Players Defense
   Defense                  Defense                  Time % Phy DF OF 
 1 Drew Doughty             Jared Spurgeon           50     0   5  0  
 2 Ron Hainsey              Drew Doughty             50     0   5  0  

4 vs 4 Forward 
   Center                   Wing                     Time % Phy DF OF 
 1 Kyle Turris              Dany Heatley             50     0   1  4  
 2 Andrew Cogliano          Thomas Vanek             50     0   2  3  

4 vs 4 Defense
   Defense                  Defense                  Time % Phy DF OF 
 1 Drew Doughty             Jared Spurgeon           50     0   4  1  
 2 Drew Doughty             Jared Spurgeon           50     0   4  1  

Last Minutes Offensive
   Center                   Left Wing                Right Wing               Defense                  Defense                  
   Kyle Turris              Thomas Vanek             Corey Perry              Drew Doughty             Jared Spurgeon           

Last Minutes Defensive
   Center                   Left Wing                Right Wing               Defense                  Defense                  
   Kyle Turris              Thomas Vanek             Corey Perry              Drew Doughty             Jared Spurgeon           

Goaltenders
Starting : Devan Dubnyk             
Backup : Petr Mrazek              

Extra Forwards
Normal : Kyle Turris, Elias Lindholm, Blake Comeau - PP : Corey Perry, Eric Fehr - PK : Eric Fehr
Extra Defensemen
Normal : Drew Doughty, Esa Lindell, Ryan Murray - PP : Drew Doughty - PK : Ryan Murray, Drew Doughty
Penalty Shots
Dany Heatley, Thomas Vanek, Corey Perry, Andrew Cogliano, Tyler Donati
Custom OT Lines Forwards
Kyle Turris, Thomas Vanek, Dany Heatley, Corey Perry, Andrew Cogliano, David Jones, Blake Comeau, Tyler Donati, Eric Fehr, Sebastian Aho
Custom OT Lines Defensemen
Drew Doughty, Jared Spurgeon, Ron Hainsey, Ryan Murray, Esa Lindell

Scratches
Eric Staal (Left Foot Injury)

% Time on Ice - Kings

Lines # - Real PCT - Wanted PCT - Time Play
Normal Forward
1 - 35% - 35% - 18:10
2 - 34% - 35% - 17:32
3 - 30% - 30% - 15:49
4 - 1% - 0% - 0:33
Normal Defense
1 - 33% - 35% - 17:14
2 - 34% - 35% - 17:49
3 - 31% - 30% - 15:59
4 - 2% - 0% - 1:02
PP Forward
1 - 49% - 55% - 1:56
2 - 51% - 45% - 2:02
PP Defense
1 - 45% - 50% - 1:46
2 - 55% - 50% - 2:12
PK Forward
1 - 93% - 60% - 3:42
2 - 7% - 40% - 0:16
PK Defense
1 - 48% - 60% - 1:54
2 - 52% - 40% - 2:04
PK3 Forward
1 - 0% - 50%
2 - 0% - 50%
PK3 Defense
1 - 0% - 50%
2 - 0% - 50%
44 Forward
1 - 0% - 50%
2 - 0% - 50%
44 Defense
1 - 0% - 50%
2 - 0% - 50%
Last Minute Offensive  - 0:00
Last Minute Defensive  - 0:00
Total
Forward - 60:00
Defense - 60:00

% Time on Ice - Lightning

Lines # - Real PCT - Wanted PCT - Time Play
Normal Forward
1 - 25% - 33% - 13:06
2 - 33% - 33% - 17:02
3 - 17% - 22% - 8:52
4 - 25% - 12% - 13:04
Normal Defense
1 - 35% - 35% - 18:10
2 - 32% - 30% - 16:41
3 - 31% - 30% - 15:53
4 - 3% - 5% - 1:20
PP Forward
1 - 55% - 60% - 2:12
2 - 45% - 40% - 1:46
PP Defense
1 - 47% - 50% - 1:53
2 - 53% - 50% - 2:05
PK Forward
1 - 70% - 60% - 2:47
2 - 30% - 40% - 1:11
PK Defense
1 - 42% - 50% - 1:40
2 - 58% - 50% - 2:18
PK3 Forward
1 - 0% - 50%
2 - 0% - 50%
PK3 Defense
1 - 0% - 50%
2 - 0% - 50%
44 Forward
1 - 0% - 50%
2 - 0% - 50%
44 Defense
1 - 0% - 50%
2 - 0% - 50%
Last Minute Offensive  - 0:00
Last Minute Defensive  - 0:00
Total
Forward - 60:00
Defense - 60:00

Play by Play

1st period


0:01 of 1st period - Henrik Sedin wins face-off versus Kyle Turris in neutral zone.
0:12 of 1st period - Shot by Marian Hossa.
0:12 of 1st period - Goal by Marian Hossa - Kings : 1 - Lightning : 0.
0:13 of 1st period - Elias Lindholm wins face-off versus Vladimir Tarasenko in neutral zone.
0:16 of 1st period - Dougie Hamilton is hit by Dany Heatley and loses puck.
0:23 of 1st period - Shot by Elias Lindholm.
0:23 of 1st period - Stopped by Jonas Hiller without a rebound.
0:24 of 1st period - Stephen Weiss wins face-off versus Andrew Cogliano in Kings zone.
0:37 of 1st period - Shot by Dany Heatley.
0:37 of 1st period - Stopped by Jonas Hiller without a rebound.
0:38 of 1st period - Kyle Turris wins face-off versus Vladimir Tarasenko in Kings zone.
0:46 of 1st period - Icing by Dougie Hamilton.
0:47 of 1st period - Brad Richards wins face-off versus Elias Lindholm in Kings zone.
1:00 of 1st period - Shot by Tyler Donati.
1:00 of 1st period - Shot Misses the Net.
1:02 of 1st period - Shot by Drew Doughty.
1:02 of 1st period - Goal by Drew Doughty - Kings : 1 - Lightning : 1.
1:03 of 1st period - Henrik Sedin wins face-off versus Kyle Turris in neutral zone.
1:26 of 1st period - Shot by Henrik Sedin.
1:26 of 1st period - Stopped by Devan Dubnyk with a rebound.
1:28 of 1st period - Shot by Marian Hossa.
1:28 of 1st period - Shot Misses the Net.
2:39 of 1st period - Icing by Thomas Vanek.
2:40 of 1st period - Brad Richards wins face-off versus Kyle Turris in Lightning zone.
2:43 of 1st period - Shot by Vladimir Tarasenko.
2:43 of 1st period - Stopped by Devan Dubnyk with a rebound.
2:45 of 1st period - Shot by Jaden Schwartz.
2:45 of 1st period - Stopped by Devan Dubnyk without a rebound.
2:46 of 1st period - Connor Sheary wins face-off versus Elias Lindholm in Lightning zone.
2:46 of 1st period - Jay Bouwmeester is hit by Esa Lindell and loses puck.
3:39 of 1st period - Icing by Dany Heatley.
3:40 of 1st period - Brad Richards wins face-off versus Elias Lindholm in Lightning zone.
3:51 of 1st period - Jaden Schwartz is hit by Dany Heatley.
4:19 of 1st period - Shot by David Jones.
4:19 of 1st period - Shot Misses the Net.
4:21 of 1st period - Shot by Sebastian Aho.
4:21 of 1st period - Shot Blocked by Dougie Hamilton.
4:50 of 1st period - Marian Hossa is hit by Blake Comeau and loses puck.
5:03 of 1st period - Shot by Blake Comeau.
5:03 of 1st period - Stopped by Jonas Hiller without a rebound.
5:04 of 1st period - Stephen Weiss wins face-off versus Dany Heatley in Kings zone.
6:35 of 1st period - David Jones is hit by Erik Karlsson and loses puck.
7:50 of 1st period - Connor Sheary is hit by Greg Amadio and loses puck.
8:06 of 1st period - Icing by Zenon Konopka.
8:07 of 1st period - Blake Comeau wins face-off versus Stephen Weiss in Kings zone.
8:46 of 1st period - Icing by Thomas Vanek.
8:47 of 1st period - Brad Richards wins face-off versus Blake Comeau in Lightning zone.
8:50 of 1st period - Shot by Vladimir Tarasenko.
8:50 of 1st period - Stopped by Devan Dubnyk with a rebound.
8:57 of 1st period - Jaden Schwartz is hit by Drew Doughty and loses puck.
9:18 of 1st period - Shot by Vladimir Tarasenko.
9:18 of 1st period - Deflect By Brad Richards.
9:18 of 1st period - Shot Misses the Net.
9:20 of 1st period - Shot by Vladimir Tarasenko.
9:20 of 1st period - Goal by Vladimir Tarasenko - Kings : 2 - Lightning : 1.
9:21 of 1st period - Henrik Sedin wins face-off versus Elias Lindholm in neutral zone.
9:26 of 1st period - PK Subban is hit by Dany Heatley and loses puck.
9:35 of 1st period - Ron Hainsey is hit by Marian Hossa and loses puck.
10:27 of 1st period - Minor Penalty to Ron Hainsey for Hooking.
10:28 of 1st period - Jaden Schwartz wins face-off versus Kyle Turris in Lightning zone.
10:49 of 1st period - Shot by Justin Schultz.
10:49 of 1st period - Shot Misses the Net.
10:51 of 1st period - Shot by Dougie Hamilton.
10:51 of 1st period - Shot Blocked by Jared Spurgeon.
10:53 of 1st period - Shot by Jaden Schwartz.
10:53 of 1st period - Stopped by Devan Dubnyk with a rebound.
10:55 of 1st period - Shot by Justin Schultz.
10:55 of 1st period - Deflect By Vladimir Tarasenko.
10:55 of 1st period - Shot Misses the Net.
10:57 of 1st period - Shot by Jaden Schwartz.
10:57 of 1st period - Stopped by Devan Dubnyk without a rebound.
10:58 of 1st period - Henrik Sedin wins face-off versus Kyle Turris in Lightning zone.
12:28 of 1st period - Off-side.
12:29 of 1st period - Stephen Weiss wins face-off versus Andrew Cogliano in neutral zone.
12:29 of 1st period - Stephen Weiss is hit by Dany Heatley.
12:45 of 1st period - Shot by Dougie Hamilton.
12:45 of 1st period - Shot Blocked by Dany Heatley.
12:57 of 1st period - Shot by Stephen Weiss.
12:57 of 1st period - Stopped by Devan Dubnyk without a rebound.
12:58 of 1st period - Henrik Sedin wins face-off versus Kyle Turris in Lightning zone.
13:18 of 1st period - Shot by Corey Perry.
13:18 of 1st period - Stopped by Jonas Hiller with a rebound.
13:30 of 1st period - Shot by Kyle Turris.
13:30 of 1st period - Shot Blocked by PK Subban.
13:34 of 1st period - Shot by Corey Perry.
13:34 of 1st period - Deflect By Thomas Vanek.
13:34 of 1st period - Shot Misses the Net.
13:57 of 1st period - Icing by Ron Hainsey.
13:58 of 1st period - Brad Richards wins face-off versus Elias Lindholm in Lightning zone.
15:09 of 1st period - Shot by Connor Sheary.
15:09 of 1st period - Shot Misses the Net.
15:13 of 1st period - Shot by Stephen Weiss.
15:13 of 1st period - Shot Misses the Net.
15:15 of 1st period - Shot by Zenon Konopka.
15:15 of 1st period - Goal by Zenon Konopka - Kings : 3 - Lightning : 1.
15:16 of 1st period - Marian Hossa wins face-off versus Kyle Turris in neutral zone.
15:37 of 1st period - Shot by Thomas Vanek.
15:37 of 1st period - Stopped by Jonas Hiller without a rebound.
15:38 of 1st period - Stephen Weiss wins face-off versus Andrew Cogliano in Kings zone.
16:33 of 1st period - Shot by Justin Schultz.
16:33 of 1st period - Stopped by Devan Dubnyk without a rebound.
16:34 of 1st period - Brad Richards wins face-off versus Kyle Turris in Lightning zone.
16:37 of 1st period - Shot by Brad Richards.
16:37 of 1st period - Shot Misses the Net.
17:44 of 1st period - Shot by Jay Bouwmeester.
17:44 of 1st period - Stopped by Devan Dubnyk without a rebound.
17:45 of 1st period - Elias Lindholm wins face-off versus Stephen Weiss in Lightning zone.
18:19 of 1st period - Shot by Elias Lindholm.
18:19 of 1st period - Shot Blocked by Stephen Weiss.
18:58 of 1st period - Shot by Marian Hossa.
18:58 of 1st period - Deflect By Henrik Sedin.
18:58 of 1st period - Shot Misses the Net.
19:13 of 1st period - Off-side.
19:14 of 1st period - Andrew Cogliano wins face-off versus Brad Richards in neutral zone.
19:17 of 1st period - Shot by Andrew Cogliano.
19:17 of 1st period - Stopped by Jonas Hiller without a rebound.
19:18 of 1st period - Andrew Cogliano wins face-off versus Brad Richards in Kings zone.
19:50 of 1st period - Minor Penalty to Ron Hainsey for Tripping.
19:51 of 1st period - Henrik Sedin wins face-off versus Kyle Turris in Lightning zone.
19:52 of 1st period - Shot by Marian Hossa.
19:52 of 1st period - Shot Misses the Net.
Goals for this period are 3 for Kings vs 1 for Lightning.
Shots for this period are 12 for Kings vs 7 for Lightning.

2nd period


0:01 of 2nd period - Henrik Sedin wins face-off versus Kyle Turris in neutral zone.
0:04 of 2nd period - Shot by Erik Karlsson.
0:04 of 2nd period - Stopped by Devan Dubnyk with a rebound.
0:28 of 2nd period - Shot by Erik Karlsson.
0:28 of 2nd period - Stopped by Devan Dubnyk without a rebound.
0:29 of 2nd period - Kyle Turris wins face-off versus Jaden Schwartz in Lightning zone.
1:36 of 2nd period - Shot by Erik Karlsson.
1:36 of 2nd period - Shot Misses the Net.
1:40 of 2nd period - Shot by PK Subban.
1:40 of 2nd period - Shot Misses the Net.
1:42 of 2nd period - Shot by Marian Hossa.
1:42 of 2nd period - Stopped by Devan Dubnyk without a rebound.
1:43 of 2nd period - Henrik Sedin wins face-off versus Elias Lindholm in Lightning zone.
1:46 of 2nd period - Shot by Marian Hossa.
1:46 of 2nd period - Shot Misses the Net.
1:48 of 2nd period - Shot by Erik Karlsson.
1:48 of 2nd period - Stopped by Devan Dubnyk without a rebound.
1:49 of 2nd period - Kyle Turris wins face-off versus Henrik Sedin in Lightning zone.
2:21 of 2nd period - Corey Perry is hit by Tyson Barrie and loses puck.
2:38 of 2nd period - Tyson Barrie is hit by Ron Hainsey and loses puck.
2:42 of 2nd period - Icing by Esa Lindell.
2:43 of 2nd period - Andrew Cogliano wins face-off versus Brad Richards in Lightning zone.
2:43 of 2nd period - Andrew Cogliano is hit by Vladimir Tarasenko.
3:21 of 2nd period - Shot by Jared Spurgeon.
3:21 of 2nd period - Stopped by Jonas Hiller without a rebound.
3:22 of 2nd period - Henrik Sedin wins face-off versus Elias Lindholm in Kings zone.
3:33 of 2nd period - Greg Amadio is hit by Henrik Sedin and loses puck.
3:46 of 2nd period - Shot by Marian Hossa.
3:46 of 2nd period - Stopped by Devan Dubnyk without a rebound.
3:47 of 2nd period - Kyle Turris wins face-off versus Stephen Weiss in Lightning zone.
4:07 of 2nd period - Icing by Dougie Hamilton.
4:08 of 2nd period - Kyle Turris wins face-off versus Stephen Weiss in Kings zone.
5:01 of 2nd period - Shot by Dany Heatley.
5:01 of 2nd period - Shot Misses the Net.
5:09 of 2nd period - Shot by Dany Heatley.
5:09 of 2nd period - Stopped by Jonas Hiller without a rebound.
5:10 of 2nd period - Brad Richards wins face-off versus Andrew Cogliano in Kings zone.
5:12 of 2nd period - Icing by Erik Karlsson.
5:13 of 2nd period - Andrew Cogliano wins face-off versus Brad Richards in Kings zone.
5:14 of 2nd period - Shot by Dany Heatley.
5:14 of 2nd period - Shot Misses the Net.
5:16 of 2nd period - Shot by Jared Spurgeon.
5:16 of 2nd period - Stopped by Jonas Hiller without a rebound.
5:17 of 2nd period - Elias Lindholm wins face-off versus Henrik Sedin in Kings zone.
6:07 of 2nd period - Icing by Drew Doughty.
6:08 of 2nd period - Brad Richards wins face-off versus Elias Lindholm in Lightning zone.
6:21 of 2nd period - Shot by Jaden Schwartz.
6:21 of 2nd period - Shot Misses the Net.
6:50 of 2nd period - Shot by Vladimir Tarasenko.
6:50 of 2nd period - Shot Misses the Net.
7:10 of 2nd period - Icing by Drew Doughty.
7:11 of 2nd period - Henrik Sedin wins face-off versus Elias Lindholm in Lightning zone.
7:18 of 2nd period - Shot by Dougie Hamilton.
7:18 of 2nd period - Shot Blocked by Jared Spurgeon.
7:20 of 2nd period - Shot by Henrik Sedin.
7:20 of 2nd period - Shot Misses the Net.
7:22 of 2nd period - Shot by Marian Hossa.
7:22 of 2nd period - Shot Hit the Post.
7:24 of 2nd period - Shot by Marian Hossa.
7:24 of 2nd period - Deflect By Henrik Sedin.
7:24 of 2nd period - Stopped by Devan Dubnyk with a rebound.
7:26 of 2nd period - Shot by Henrik Sedin.
7:26 of 2nd period - Goal by Henrik Sedin - Kings : 4 - Lightning : 1.
7:27 of 2nd period - Stephen Weiss wins face-off versus Kyle Turris in neutral zone.
8:00 of 2nd period - Shot by Corey Perry.
8:00 of 2nd period - Goal by Corey Perry - Kings : 4 - Lightning : 2.
8:01 of 2nd period - Henrik Sedin wins face-off versus Kyle Turris in neutral zone.
8:06 of 2nd period - Shot by Tyson Barrie.
8:06 of 2nd period - Shot Misses the Net.
8:23 of 2nd period - Kyle Turris is hit by Tyson Barrie and loses puck.
8:29 of 2nd period - David Jones is hit by Dougie Hamilton and loses puck.
8:38 of 2nd period - Shot by Kyle Turris.
8:38 of 2nd period - Shot Hit the Post.
8:53 of 2nd period - Off-side.
8:54 of 2nd period - Blake Comeau wins face-off versus Vladimir Tarasenko in neutral zone.
8:54 of 2nd period - Blake Comeau is hit by Jaden Schwartz.
9:11 of 2nd period - Vladimir Tarasenko is hit by Greg Amadio and loses puck.
9:18 of 2nd period - Shot by Vladimir Tarasenko.
9:18 of 2nd period - Stopped by Devan Dubnyk without a rebound.
9:19 of 2nd period - Connor Sheary wins face-off versus Andrew Cogliano in Lightning zone.
9:32 of 2nd period - Shot by Stephen Weiss.
9:32 of 2nd period - Stopped by Devan Dubnyk without a rebound.
9:33 of 2nd period - Kyle Turris wins face-off versus Brad Richards in Lightning zone.
10:12 of 2nd period - Shot by David Jones.
10:12 of 2nd period - Stopped by Jonas Hiller with a rebound.
10:32 of 2nd period - Ron Hainsey is hit by Vladimir Tarasenko and loses puck.
10:40 of 2nd period - Icing by Ron Hainsey.
10:41 of 2nd period - Henrik Sedin wins face-off versus Andrew Cogliano in Lightning zone.
10:48 of 2nd period - Shot by Marian Hossa.
10:48 of 2nd period - Stopped by Devan Dubnyk without a rebound.
10:49 of 2nd period - Elias Lindholm wins face-off versus Henrik Sedin in Lightning zone.
10:49 of 2nd period - Elias Lindholm is hit by Marian Hossa.
10:50 of 2nd period - Minor Penalty to Marian Hossa for Holding.
10:51 of 2nd period - Kyle Turris wins face-off versus Stephen Weiss in Kings zone.
10:52 of 2nd period - Shot by Drew Doughty.
10:52 of 2nd period - Stopped by Jonas Hiller without a rebound.
10:53 of 2nd period - Stephen Weiss wins face-off versus Elias Lindholm in Kings zone.
11:15 of 2nd period - Stephen Weiss is hit by Dany Heatley and loses puck.
11:36 of 2nd period - Shot by Dany Heatley.
11:36 of 2nd period - Stopped by Jonas Hiller without a rebound.
11:37 of 2nd period - Kyle Turris wins face-off versus Stephen Weiss in Kings zone.
11:56 of 2nd period - Shot by Thomas Vanek.
11:56 of 2nd period - Stopped by Jonas Hiller without a rebound.
11:57 of 2nd period - Henrik Sedin wins face-off versus Thomas Vanek in Kings zone.
12:38 of 2nd period - Icing by Drew Doughty.
12:39 of 2nd period - Stephen Weiss wins face-off versus Kyle Turris in Lightning zone.
12:54 of 2nd period - Shot by Marian Hossa.
12:54 of 2nd period - Stopped by Devan Dubnyk without a rebound.
12:55 of 2nd period - Brad Richards wins face-off versus Elias Lindholm in Lightning zone.
13:44 of 2nd period - Icing by Greg Amadio.
13:45 of 2nd period - Henrik Sedin wins face-off versus Elias Lindholm in Lightning zone.
14:28 of 2nd period - Shot by Marian Hossa.
14:28 of 2nd period - Shot Misses the Net.
14:30 of 2nd period - Shot by Henrik Sedin.
14:30 of 2nd period - Stopped by Devan Dubnyk with a rebound.
14:37 of 2nd period - Icing by Greg Amadio.
14:38 of 2nd period - Elias Lindholm wins face-off versus Stephen Weiss in Lightning zone.
14:49 of 2nd period - Shot by Stephen Weiss.
14:49 of 2nd period - Shot Misses the Net.
14:53 of 2nd period - Shot by Stephen Weiss.
14:53 of 2nd period - Stopped by Devan Dubnyk without a rebound.
14:54 of 2nd period - Kyle Turris wins face-off versus Brad Richards in Lightning zone.
15:01 of 2nd period - Shot by Corey Perry.
15:01 of 2nd period - Shot Misses the Net.
15:12 of 2nd period - Shot by Erik Karlsson.
15:12 of 2nd period - Stopped by Devan Dubnyk with a rebound.
15:14 of 2nd period - Shot by Vladimir Tarasenko.
15:14 of 2nd period - Stopped by Devan Dubnyk with a rebound.
15:16 of 2nd period - Shot by PK Subban.
15:16 of 2nd period - Shot Blocked by Corey Perry.
15:54 of 2nd period - Shot by Henrik Sedin.
15:54 of 2nd period - Shot Misses the Net.
15:56 of 2nd period - Shot by Henrik Sedin.
15:56 of 2nd period - Shot Blocked by Drew Doughty.
15:58 of 2nd period - Shot by Marian Hossa.
15:58 of 2nd period - Shot Misses the Net.
16:00 of 2nd period - Shot by Max Pacioretty.
16:00 of 2nd period - Stopped by Devan Dubnyk with a rebound.
16:02 of 2nd period - Shot by Dougie Hamilton.
16:02 of 2nd period - Stopped by Devan Dubnyk without a rebound.
16:03 of 2nd period - Blake Comeau wins face-off versus Connor Sheary in Lightning zone.
16:20 of 2nd period - Shot by Blake Comeau.
16:20 of 2nd period - Shot Blocked by Zenon Konopka.
17:00 of 2nd period - Shot by Marian Hossa.
17:00 of 2nd period - Shot Misses the Net.
17:14 of 2nd period - Shot by Marian Hossa.
17:14 of 2nd period - Stopped by Devan Dubnyk without a rebound.
17:15 of 2nd period - Brad Richards wins face-off versus Elias Lindholm in Lightning zone.
17:22 of 2nd period - Shot by Vladimir Tarasenko.
17:22 of 2nd period - Shot Misses the Net.
17:24 of 2nd period - Shot by Vladimir Tarasenko.
17:24 of 2nd period - Shot Blocked by Drew Doughty.
17:26 of 2nd period - Shot by Brad Richards.
17:26 of 2nd period - Stopped by Devan Dubnyk without a rebound.
17:27 of 2nd period - Kyle Turris wins face-off versus Henrik Sedin in Lightning zone.
17:38 of 2nd period - Shot by Kyle Turris.
17:38 of 2nd period - Stopped by Jonas Hiller without a rebound.
17:39 of 2nd period - Andrew Cogliano wins face-off versus Brad Richards in Kings zone.
17:39 of 2nd period - Drew Doughty is hit by PK Subban and loses puck.
17:54 of 2nd period - Shot by Brad Richards.
17:54 of 2nd period - Shot Blocked by Drew Doughty.
18:03 of 2nd period - Jaden Schwartz is hit by Drew Doughty and loses puck.
18:57 of 2nd period - Icing by Marian Hossa.
18:58 of 2nd period - Henrik Sedin wins face-off versus Tyler Donati in Kings zone.
19:03 of 2nd period - Shot by Max Pacioretty.
19:03 of 2nd period - Stopped by Devan Dubnyk without a rebound.
19:04 of 2nd period - Stephen Weiss wins face-off versus Kyle Turris in Lightning zone.
19:55 of 2nd period - Justin Schultz is hit by Drew Doughty and loses puck.
Goals for this period are 1 for Kings vs 1 for Lightning.
Shots for this period are 20 for Kings vs 9 for Lightning.

3rd period


0:01 of 3rd period - Henrik Sedin wins face-off versus Corey Perry in neutral zone.
0:10 of 3rd period - Shot by Marian Hossa.
0:10 of 3rd period - Stopped by Devan Dubnyk with a rebound.
0:12 of 3rd period - Shot by Max Pacioretty.
0:12 of 3rd period - Shot Misses the Net.
0:14 of 3rd period - Shot by Erik Karlsson.
0:14 of 3rd period - Shot Misses the Net.
0:16 of 3rd period - Shot by Max Pacioretty.
0:16 of 3rd period - Shot Hit the Post.
2:16 of 3rd period - Shot by Connor Sheary.
2:16 of 3rd period - Shot Misses the Net.
2:19 of 3rd period - Icing by Ryan Murray.
2:20 of 3rd period - Kyle Turris wins face-off versus Henrik Sedin in Lightning zone.
2:31 of 3rd period - Shot by Ryan Murray.
2:31 of 3rd period - Shot Misses the Net.
3:16 of 3rd period - Jared Spurgeon is hit by Marian Hossa and loses puck.
3:37 of 3rd period - Shot by Dany Heatley.
3:37 of 3rd period - Deflect By Corey Perry.
3:37 of 3rd period - Shot Misses the Net.
3:39 of 3rd period - Shot by Jared Spurgeon.
3:39 of 3rd period - Shot Misses the Net.
3:41 of 3rd period - Shot by Drew Doughty.
3:41 of 3rd period - Stopped by Jonas Hiller without a rebound.
3:42 of 3rd period - Blake Comeau wins face-off versus Brad Richards in Kings zone.
3:50 of 3rd period - Tyler Donati is hit by Tyson Barrie and loses puck.
3:57 of 3rd period - Shot by Ron Hainsey.
3:57 of 3rd period - Stopped by Jonas Hiller without a rebound.
3:58 of 3rd period - Connor Sheary wins face-off versus Kyle Turris in Kings zone.
4:25 of 3rd period - Shot by Corey Perry.
4:25 of 3rd period - Stopped by Jonas Hiller without a rebound.
4:26 of 3rd period - Elias Lindholm wins face-off versus Brad Richards in Kings zone.
4:40 of 3rd period - Icing by Ryan Murray.
4:41 of 3rd period - Elias Lindholm wins face-off versus Stephen Weiss in Lightning zone.
4:46 of 3rd period - Shot by Tyler Donati.
4:46 of 3rd period - Stopped by Jonas Hiller without a rebound.
4:47 of 3rd period - Brad Richards wins face-off versus Andrew Cogliano in Kings zone.
5:07 of 3rd period - Off-side.
5:08 of 3rd period - Henrik Sedin wins face-off versus Kyle Turris in neutral zone.
5:25 of 3rd period - Shot by Henrik Sedin.
5:25 of 3rd period - Deflect By Marian Hossa.
5:25 of 3rd period - Stopped by Devan Dubnyk without a rebound.
5:26 of 3rd period - Brad Richards wins face-off versus Andrew Cogliano in Lightning zone.
5:53 of 3rd period - Shot by Brad Richards.
5:53 of 3rd period - Deflect By Jaden Schwartz.
5:53 of 3rd period - Shot Misses the Net.
5:55 of 3rd period - Shot by Tyson Barrie.
5:55 of 3rd period - Deflect By Brad Richards.
5:55 of 3rd period - Shot Misses the Net.
6:51 of 3rd period - Shot by Marian Hossa.
6:51 of 3rd period - Shot Misses the Net.
6:58 of 3rd period - Shot by Max Pacioretty.
6:58 of 3rd period - Stopped by Devan Dubnyk with a rebound.
7:05 of 3rd period - Icing by Jared Spurgeon.
7:06 of 3rd period - Stephen Weiss wins face-off versus Kyle Turris in Lightning zone.
7:15 of 3rd period - Shot by Stephen Weiss.
7:15 of 3rd period - Stopped by Devan Dubnyk without a rebound.
7:16 of 3rd period - Brad Richards wins face-off versus Elias Lindholm in Lightning zone.
7:32 of 3rd period - Jaden Schwartz is hit by Greg Amadio and loses puck.
7:43 of 3rd period - Icing by Dany Heatley.
7:44 of 3rd period - Elias Lindholm wins face-off versus Stephen Weiss in Lightning zone.
9:32 of 3rd period - Shot by Sebastian Aho.
9:32 of 3rd period - Shot Misses the Net.
9:36 of 3rd period - Shot by David Jones.
9:36 of 3rd period - Deflect By Elias Lindholm.
9:36 of 3rd period - Stopped by Jonas Hiller without a rebound.
9:37 of 3rd period - Brad Richards wins face-off versus Andrew Cogliano in Kings zone.
10:02 of 3rd period - Brad Richards is hit by Dany Heatley and loses puck.
10:07 of 3rd period - Shot by Dany Heatley.
10:07 of 3rd period - Shot Misses the Net.
10:09 of 3rd period - Shot by Greg Amadio.
10:09 of 3rd period - Shot Misses the Net.
10:11 of 3rd period - Shot by Andrew Cogliano.
10:11 of 3rd period - Stopped by Jonas Hiller without a rebound.
10:12 of 3rd period - Kyle Turris wins face-off versus Stephen Weiss in Kings zone.
10:12 of 3rd period - David Jones is hit by Jay Bouwmeester and loses puck.
10:39 of 3rd period - Shot by David Jones.
10:39 of 3rd period - Stopped by Jonas Hiller without a rebound.
10:40 of 3rd period - Henrik Sedin wins face-off versus Elias Lindholm in Kings zone.
10:40 of 3rd period - Marian Hossa is hit by Dany Heatley and loses puck.
11:33 of 3rd period - Drew Doughty is hit by Vladimir Tarasenko and loses puck.
12:23 of 3rd period - Shot by Thomas Vanek.
12:23 of 3rd period - Stopped by Jonas Hiller without a rebound.
12:24 of 3rd period - Stephen Weiss wins face-off versus Kyle Turris in Kings zone.
12:46 of 3rd period - David Jones is hit by Zenon Konopka and loses puck.
12:51 of 3rd period - Shot by Stephen Weiss.
12:51 of 3rd period - Stopped by Devan Dubnyk with a rebound.
13:02 of 3rd period - Ron Hainsey is hit by Jay Bouwmeester and loses puck.
13:13 of 3rd period - Minor Penalty to Zenon Konopka for Tripping.
13:14 of 3rd period - Stephen Weiss wins face-off versus Elias Lindholm in Kings zone.
13:14 of 3rd period - Stephen Weiss is hit by Dany Heatley.
14:21 of 3rd period - Shot by Esa Lindell.
14:21 of 3rd period - Shot Misses the Net.
15:23 of 3rd period - Shot by David Jones.
15:23 of 3rd period - Stopped by Jonas Hiller without a rebound.
15:24 of 3rd period - Blake Comeau wins face-off versus Henrik Sedin in Kings zone.
15:25 of 3rd period - Shot by Sebastian Aho.
15:25 of 3rd period - Shot Misses the Net.
17:01 of 3rd period - Shot by Jaden Schwartz.
17:01 of 3rd period - Shot Misses the Net.
17:09 of 3rd period - Shot by Kyle Turris.
17:09 of 3rd period - Shot Misses the Net.
17:25 of 3rd period - Shot by Thomas Vanek.
17:25 of 3rd period - Shot Blocked by Justin Schultz.
17:32 of 3rd period - Icing by Marian Hossa.
17:33 of 3rd period - Elias Lindholm wins face-off versus Jaden Schwartz in Kings zone.
17:34 of 3rd period - Shot by Tyler Donati.
17:34 of 3rd period - Shot Misses the Net.
17:36 of 3rd period - Shot by Tyler Donati.
17:36 of 3rd period - Shot Misses the Net.
17:38 of 3rd period - Shot by Elias Lindholm.
17:38 of 3rd period - Shot Blocked by Justin Schultz.
17:42 of 3rd period - Shot by Tyler Donati.
17:42 of 3rd period - Stopped by Jonas Hiller without a rebound.
17:43 of 3rd period - Kyle Turris wins face-off versus Stephen Weiss in Kings zone.
17:46 of 3rd period - Shot by Jared Spurgeon.
17:46 of 3rd period - Shot Misses the Net.
17:50 of 3rd period - Shot by David Jones.
17:50 of 3rd period - Stopped by Jonas Hiller without a rebound.
17:51 of 3rd period - Stephen Weiss wins face-off versus Andrew Cogliano in Kings zone.
17:51 of 3rd period - Connor Sheary is hit by Dany Heatley and loses puck.
17:56 of 3rd period - Shot by Corey Perry.
17:56 of 3rd period - Stopped by Jonas Hiller without a rebound.
17:57 of 3rd period - Stephen Weiss wins face-off versus Kyle Turris in Kings zone.
17:57 of 3rd period - Stephen Weiss is hit by Corey Perry.
18:34 of 3rd period - Shot by Connor Sheary.
18:34 of 3rd period - Shot Misses the Net.
18:36 of 3rd period - Shot by Stephen Weiss.
18:36 of 3rd period - Shot Misses the Net.
18:38 of 3rd period - Shot by Stephen Weiss.
18:38 of 3rd period - Shot Misses the Net.
18:55 of 3rd period - Icing by Thomas Vanek.
18:56 of 3rd period - Kyle Turris wins face-off versus Brad Richards in Lightning zone.
18:56 of 3rd period - Kyle Turris is hit by Jaden Schwartz.
18:59 of 3rd period - Corey Perry is hit by Jaden Schwartz and loses puck.
19:04 of 3rd period - Shot by Jaden Schwartz.
19:04 of 3rd period - Shot Blocked by Ryan Murray.
19:54 of 3rd period - Shot by Marian Hossa.
19:54 of 3rd period - Shot Misses the Net.
Goals for this period are 0 for Kings vs 0 for Lightning.
Shots for this period are 5 for Kings vs 12 for Lightning.